AoeStats
← Huskarls4

Hideout

515122053Analyzed
4v4 RM · 15d ago on Oct 20, 2026· 34m 49s· 8 players
Game mode
Random Map
Map size
Large (8 player)
Population
200
Speed
Normal
Resources
Standard
Victory
Conquest
Starting age
Dark Age
Ending age
Imperial Age
RankedLock teamsTeams togetherTeam positionsShared explorationLock speedFull tech treeHidden civsTurbo modeCheats
Victory
Defeat
🇮🇹 Ethiopians · Italy
1675
+9
🇮🇹 Britons · Italy
1560
+13
🇮🇹 Khmer · Italy
1455
+16
🇮🇹 Franks · Italy
1448
+17
vs
🇪🇸 Dravidians · Spain
1502
-14
🇬🇧 Burgundians · United Kingdom
1493
-14
🇹🇷 Magyars · Türkiye
1480
-14
🇭🇰 Saracens · Hong Kong SAR China
1471
-13
Huskarls4
9:05 Feudal Age
8:54 Double-Bit Axe
9:42 Horse Collar
18:26 Forging
19:23 Scale Barding Armor
22:30 Castle Age
22:34 Cavalier
22:34 Light Cavalry
23:49 Chain Barding Armor
23:55 Gold Mining
30:33 Loom
Mr.Brrum
7:23 Loom
9:49 Feudal Age
10:17 Double-Bit Axe
11:43 Fletching
12:38 Padded Archer Armor
21:00 Castle Age
21:00 Loom
21:58 Bow Saw
21:09 Crossbowman
21:46 Bodkin Arrow
23:23 Ballistics
23:46 Leather Archer Armor
25:14 Wheelbarrow
28:57 Thumb Ring
34:03 Town Watch
Alex_M31
6:39 Loom
9:31 Feudal Age
13:30 Castle Age
12:35 Double-Bit Axe
13:29 Fletching
15:00 Crossbowman
18:10 Bodkin Arrow
22:56 Padded Archer Armor
24:56 Ballistics
27:22 Thumb Ring
wAoE
9:45 Feudal Age
10:22 Double-Bit Axe
14:57 Scale Barding Armor
16:40 Bloodlines
24:14 Castle Age
25:21 Chain Barding Armor
24:23 Light Cavalry
27:56 Bow Saw
30:11 Gold Mining
30:29 Horse Collar
31:27 Husbandry
32:50 Loom
33:40 Wheelbarrow
OS | JacobuS
6:57 Loom
9:04 Feudal Age
9:55 Double-Bit Axe
15:56 Wheelbarrow
18:44 Castle Age
17:13 Scale Barding Armor
17:51 Forging
17:34 Gold Mining
19:48 Chain Barding Armor
19:46 Bow Saw
23:10 Husbandry
28:04 Hand Cart
28:27 Gold Shaft Mining
la parola del primark
10:17 Feudal Age
13:59 Castle Age
12:24 Horse Collar
12:30 Double-Bit Axe
16:06 Scale Barding Armor
18:13 Bloodlines
19:34 Bow Saw
21:43 Gold Mining
22:44 Chain Barding Armor
24:37 Wheelbarrow
24:50 Husbandry
25:49 Town Watch
30:46 Hand Cart
37:11 Imperial Age
34:27 Loom
36:01 Gold Shaft Mining
RaiD
9:17 Feudal Age
9:58 Double-Bit Axe
13:59 Fletching
14:39 Loom
14:40 Town Watch
21:15 Castle Age
21:16 Crossbowman
21:52 Bodkin Arrow
22:53 Padded Archer Armor
24:39 Ballistics
28:07 Horse Collar
33:49 Wheelbarrow
34:38 Bow Saw
34:21 Gold Mining
Evol_
10:39 Feudal Age
11:28 Double-Bit Axe
14:14 Fletching
14:46 Loom
17:51 Padded Archer Armor
21:54 Castle Age
21:46 Gold Mining
22:01 Crossbowman
23:01 Bodkin Arrow
24:37 Ballistics
32:13 Horse Collar
37:55 Imperial Age
Connection lost

Rejoining the realm…

Still unreachable

The connection could not be restored.

Session expired

The server has moved on; the page needs a fresh start.